 Dungeon Crawl Stone Soup version 0.20-a0-1074-g6a0a8e1 (webtiles) character file.

25146 kuniqs the Fighter (level 12, -4/99 HPs)
             Began as a Mummy Fighter on Apr 29, 2017.
             Was an Initiate of Gozag.
             Slain by a soul eater (10 damage)
             ... summoned by Frances
             ... on level 12 of the Dungeon on Apr 30, 2017.
             The game lasted 00:42:39 (20079 turns).

kuniqs the Fighter (Mummy Fighter)                 Turns: 20079, Time: 00:42:39

Health: -4/99      AC: 18    Str: 24    XL:     12   Next: 86%
Magic:  12/12      EV: 26    Int: 17    God:    Gozag
Gold:   334        SH: 13    Dex: 25    Spells: 11/11 levels left

rFire    x x .     SeeInvis .   k - +0 scimitar
rCold    + . .     Gourm    .   c - +0 shield
rNeg     + + +     Faith    .   r - +4 ring mail of Zuogenuk {rElec rPois rF- Dex+4}
rPois    ∞         Spirit   .   (no helmet)
rElec    +         Reflect  .   A - +0 cloak {rPois}
rCorr    .         Harm     .   i - +2 pair of gloves
MR       +....                  B - +1 pair of boots of Qasaneh {+Blink Int+4}
Stlth    ++........             (no amulet)
Regen    0.3/turn               C - +3 ring of slaying
MPRegen  0.2/turn               w - +3 ring of evasion

@: mighty, brilliant, agile, gold aura, slowed, very slow
A: no food or potions, fire vulnerability, cold resistance 1, negative energy
resistance 3, torment resistance, unbreathing
a: Potion Petition, Call Merchant, Bribe Branch, Renounce Religion, Evoke Blink


You were on level 12 of the Dungeon.
You worshipped Gozag.
Gozag was aware of your devotion.
You were not hungry.

You visited 3 branches of the dungeon, and saw 15 of its levels.
You also visited: Ossuary.

You collected 3147 gold pieces.
You spent 1102 gold pieces at shops.
You paid 1711 gold pieces to Gozag.

Inventory:

Hand Weapons
 k - a +0 scimitar (weapon)
 n - a +2 dagger of venom
Missiles
 m - 2 javelins of returning (quivered)
 s - a throwing net
Armour
 c - a +0 shield (worn)
 f - a scarf of cold resistance
 i - a +2 pair of gloves (worn)
 j - a +4 scale mail
 r - the +4 ring mail of Zuogenuk (worn) {rElec rPois rF- Dex+4}
   (You found it on level 6 of the Dungeon)

   It affects your dexterity (+4).
   It makes you vulnerable to fire.
   It insulates you from electricity.
   It protects you from poison.
 A - a +0 cloak of poison resistance (worn)
 B - the +1 pair of boots of Qasaneh (worn) {+Blink Int+4}
   (You bought it in a shop on level 12 of the Dungeon)

   It affects your intelligence (+4).
   It lets you blink.
Jewellery
 w - a +3 ring of evasion (right hand)
 C - a +3 ring of slaying (left hand)
Wands
 l - a wand of flame (33/48)
 v - a wand of flame (18/48)
 x - a wand of disintegration (5/24)
 y - a wand of flame (11/48)
Scrolls
 a - 3 scrolls of magic mapping
 b - 3 scrolls of recharging
 d - 6 scrolls of remove curse {@r2}
 e - 4 scrolls of blinking
 g - 7 scrolls of identify {@r1}
 h - 6 scrolls of fear
 p - 6 scrolls of teleportation
 q - 2 scrolls of enchant weapon
 t - a scroll of enchant armour
 u - a scroll of immolation
 z - a scroll of vulnerability


   Skills:
 + Level 10.6 Fighting
 + Level 8.5 Long Blades
 + Level 8.8 Armour
 + Level 8.2 Dodging
 + Level 8.6 Shields


You had 11 spell levels left.
You didn't know any spells.

Dungeon Overview and Level Annotations

Branches:
Dungeon (12/15)            Temple (1/1) D:5            Lair (0/6) D:8
    Orc (2/2) D:9
    Elf: Orc:2

Altars:
Cheibriados
Dithmenos
Elyvilon
Gozag
Kikubaaqudgha
Makhleb
Nemelex Xobeh
Okawaru
Qazlal
Ru
Sif Muna
Uskayaw
Vehumet
Xom
Yredelemnul
Zin

Shops:
D:5 ?   D:12 [=

Annotations:
D:12 Frances
Orc:2 Rupert, Sonja


Innate Abilities, Weirdness & Mutations

You do not eat or drink.
Your flesh is vulnerable to fire.
You are immune to poison.
Your flesh is cold resistant. (rC+)
You are immune to negative energy. (rN+++)
You are immune to unholy pain and torment.
You can survive without breathing.


Message History

The wraith misses you.
You riposte.
You hit the wraith. The soul eater completely misses you.
You riposte.
You barely miss the soul eater. The yak gores you but does no damage.
You slash Frances!
Frances is no longer distracted by gold.
You are covered in liquid flames!
* * * LOW HITPOINT WARNING * * *
The rust devil is no longer distracted by gold.
The killer bee is no longer distracted by gold.
The smoke demon completely misses you. You block the smoke demon's attack. x2
The rust devil is distracted by the nearby gold.
The soul eater hits you.
* * * LOW HITPOINT WARNING * * *
The wraith barely misses you. The yak gores you.
* * * LOW HITPOINT WARNING * * *
Frances barely misses you. The smoke demon completely misses you.
The smoke demon hits you but does no damage.
The smoke demon barely misses you. The soul eater hits you!
You die...
Your body crumbles into a pile of gold.

......##..####.## ##...#
..........#.#...# #...#
.......#.......# ##.##
...............# #...#####
...#...#....|{.## #####.#..#.##
.......Y........###.#.........#
.......##.#.##Y###...........##
..$....#...####W##4.#.....#.##
....Y........#TY@3y..#...####
..%...........#Y3@.......#
.........#...#..y.......##
.........#..........#.##.###
..Y.................##.....##
............................#.
...........#............#.....
..............................
...................


You could see Frances, a soul eater, a rust devil (unaware), 3 yaks, a troll, a
smoke demon, a wraith and 2 killer bees.

Vanquished Creatures
  A great orb of eyes (D:10)
  2 two-headed ogres
  A queen ant (D:9)
  3 unseen horrors
  Pikel (D:9)
  The ghost of dxctxrx the Cruncher, a novice FoFi of Okawaru (D:6)
  An orc sorcerer (Orc:1)
  2 manticores (D:12)
  2 centaur zombies
  Maurice (D:9)
  Joseph (D:8)
  2 guardian serpents (D:10)
  Psyche (D:8)
  A gargoyle (D:11)
  2 komodo dragons
  A queen bee (D:9)
  6 trolls
  2 hornets
  Prince Ribbit (D:9)
  6 hippogriffs
  A water elemental (D:11)
  A wyvern (D:12)
  9 yaks
  Grum (D:9)
  A steam dragon (D:11)
  2 hungry ghosts
  A warg (D:9)
  13 soldier ants
  13 orc warriors
  3 sky beasts
  2 ice beasts
  A necrophage (D:5)
  6 ogres
  3 wolves
  An eye of draining (D:12)
  2 phantoms
  9 centaurs
  2 big kobolds
  4 bullfrogs
  A gnoll sergeant (D:11)
  3 water moccasin zombies (Ossuary)
  3 scorpions
  A water moccasin skeleton (D:10)
  40 killer bees
  6 howler monkeys
  A bullfrog zombie (D:12)
  5 crimson imps
  A centaur skeleton (D:7)
  10 orc priests
  5 jellies
  A quasit (D:9)
  A gnoll shaman (D:4)
  6 hounds
  13 orc wizards
  Jessica (D:2)
  3 iguanas
  40 worker ants
  Terence (D:1)
  4 big kobold zombies (Ossuary)
  2 mummies (Ossuary)
  A worker ant zombie (D:10)
  17 gnolls
  A howler monkey skeleton (D:7)
  15 adders
  A shadow imp (D:8)
  5 adder zombies (Ossuary)
  An adder skeleton (D:5)
  2 worms (D:3)
  4 dart slugs
  3 leopard geckos
  49 orcs
  10 giant cockroaches
  2 gnoll zombies (Ossuary)
  3 goblins
  12 hobgoblins
  6 jackals
  12 kobolds
  9 quokkas
  14 bats
  2 frilled lizards
  5 hobgoblin zombies (Ossuary)
  10 kobold zombies (Ossuary)
  2 orc zombies (Ossuary)
  4 rats
451 creatures vanquished.

Vanquished Creatures (others)
  A yak (D:9)
  3 slaves (D:9)
  A killer bee (D:12)
  An orc wizard (Orc:2)
  An adder (D:10)
  2 orcs
  A jackal (D:11)
  5 plants
15 creatures vanquished.

Grand Total: 466 creatures vanquished

Notes
Turn   | Place    | Note
-------+----------+-------------------------------------------
     0 | D:1      | kuniqs the Mummy Fighter began the quest for the Orb.
     0 | D:1      | Reached XP level 1. HP: 18/18 MP: 1/1
   195 | D:1      | Reached XP level 2. HP: 24/24 MP: 2/2
   372 | D:1      | Reached skill level 1 in Dodging
   604 | D:2      | Reached XP level 3. HP: 19/29 MP: 3/3
  1030 | D:2      | Reached XP level 4. HP: 33/35 MP: 4/4
  1070 | D:2      | Noticed Jessica
  1075 | D:2      | Killed Jessica
  1721 | D:3      | Reached XP level 5. HP: 42/42 MP: 5/5
  1740 | D:3      | Noticed Terence
  2589 | D:4      | Reached skill level 4 in Fighting
  2785 | D:4      | Noticed an ogre
  3172 | D:4      | Reached XP level 6. HP: 43/48 MP: 6/6
  3262 | D:5      | Entered Level 5 of the Dungeon
  3778 | D:4      | Found a radiant altar of Vehumet.
  4100 | D:1      | Killed Terence
  4178 | D:4      | Reached XP level 7. HP: 55/55 MP: 7/7
  5123 | D:5      | Reached skill level 5 in Fighting
  5394 | D:5      | Found a shimmering altar of Xom.
  5478 | D:5      | Found Zoin's Magic Scroll Shoppe.
  5497 | D:5      | Reached XP level 8. HP: 59/62 MP: 8/8
  5627 | D:5      | Bought a scroll of teleportation for 33 gold pieces
  5627 | D:5      | Bought a scroll of identify for 22 gold pieces
  5627 | D:5      | Bought a scroll of remove curse for 33 gold pieces
  5627 | D:5      | Bought a scroll of fear for 38 gold pieces
  5994 | D:5      | Found a staircase to the Ecumenical Temple.
  6003 | Temple   | Entered the Ecumenical Temple
  6053 | Temple   | Became a worshipper of Gozag Ym Sagoz the Greedy
  6471 | D:6      | Found a sand-covered staircase.
  6477 | Ossuary  | Entered an ossuary
  6693 | Ossuary  | Reached skill level 6 in Fighting
  6693 | Ossuary  | Reached skill level 5 in Armour
  6828 | D:6      | Noticed dxctxrx's ghost (novice FoFi)
  7434 | D:4      | Reached XP level 9. HP: 15/69 MP: 9/9
  7715 | D:5      | Reached skill level 5 in Shields
  7813 | D:6      | Got a shimmering ring mail
  7838 | D:6      | Identified the +4 ring mail of Zuogenuk {rElec rPois rF- Dex+4} (You found it on level 6 of the Dungeon)
  8666 | D:6      | Killed dxctxrx's ghost
  8855 | D:7      | Reached skill level 5 in Long Blades
  8894 | D:7      | Found a basalt altar of Yredelemnul.
  9278 | D:7      | Identified the cursed +0 ring mail of Fortification {-Cast rPois MR- Dex+8} (You found it on level 7 of the Dungeon)
  9761 | D:7      | Reached skill level 7 in Fighting
  9951 | D:7      | Reached skill level 5 in Dodging
 10047 | D:8      | Noticed Joseph
 10075 | D:8      | Killed Joseph
 10385 | D:8      | Reached XP level 10. HP: 61/79 MP: 10/10
 10506 | D:8      | Found a staircase to the Lair.
 10909 | D:8      | Noticed Psyche
 10925 | D:8      | Killed Psyche
 11296 | D:9      | Noticed Grum
 11371 | D:9      | Noticed Prince Ribbit
 11386 | D:9      | Killed Prince Ribbit
 11458 | D:9      | Found a staircase to the Orcish Mines.
 11519 | D:9      | Killed Grum
 11621 | D:9      | Reached skill level 8 in Fighting
 12031 | D:9      | Noticed Pikel
 12057 | D:9      | Killed Pikel
 12326 | D:8      | Reached XP level 11. HP: 62/87 MP: 11/11
 13029 | D:9      | Noticed a queen ant
 13061 | D:9      | Killed a queen ant
 13071 | D:9      | Reached skill level 9 in Fighting
 13733 | D:10     | Entered Level 10 of the Dungeon
 15188 | D:10     | Killed an unseen horror
 15551 | D:10     | Found a stormy altar of Qazlal.
 15686 | D:10     | Noticed a two-headed ogre
 15736 | D:10     | Killed a two-headed ogre
 16199 | D:10     | Killed an unseen horror
 16199 | D:10     | Reached XP level 12. HP: 72/97 MP: 12/12
 16509 | Orc:1    | Entered Level 1 of the Orcish Mines
 16509 | Orc:1    | Noticed a two-headed ogre
 16710 | D:9      | Killed a two-headed ogre
 17119 | Orc:2    | Entered Level 2 of the Orcish Mines
 17121 | Orc:2    | Noticed Maurice
 17123 | Orc:2    | Noticed Sonja
 17145 | Orc:2    | Noticed Rupert
 17186 | Orc:1    | Reached skill level 10 in Fighting
 17689 | D:9      | Noticed a great orb of eyes
 17866 | D:9      | Paralysed by a great orb of eyes for 6 turns
 17888 | D:10     | Killed a great orb of eyes
 18025 | D:9      | Killed Maurice
 18244 | Orc:2    | Noticed an orc warlord
 19479 | D:12     | Bought a pair of crude boots for 256 gold pieces
 19484 | D:12     | Identified the +1 pair of boots of Qasaneh {+Blink Int+4} (You bought it in a shop on level 12 of the Dungeon)
 19488 | D:12     | Bought a +3 ring of slaying for 720 gold pieces
 20054 | D:12     | Noticed Frances
 20077 | D:12     | HP: 2/99 [smoke demon/sticky flame[Frances] (3)]
 20079 | D:12     | Slain by a soul eater

Vault maps used:
D:1:      saegor_arrival_simple_b
D:2:      first_bread, eino_tiny_chamber, kennysheep_crisscross, uniq_jessica
D:3:      uniq_terence
D:4:      vehumet_altar_wand_db, grunt_ministairs_4
D:5:      lemuel_temple_firewalk_b, basic_altar, serial_shops,
          nicolae_shop_window_shopping, kennysheep_opposing_triangles
D:6:      nicolae_ossuary_entry_plus
D:7:      minmay_misc_feat_encased, yredelemnul_altar_generic
D:8:      david_lair_shrubbed, uniq_psyche, uniq_joseph
D:9:      orc_0_dummy, special_room, blue_anna_alchemist, zaba_anthell,
          uniq_pikel, uniq_grum, uniq_prince_ribbit1
D:10:     nrook_guardian_serpent_snake_passage, grunt_qazlal_clouds
D:11:     serial_bayou, serial_bayou_lagoon_a, serial_bayou_pond_d,
          serial_bayou_pond_c, serial_bayou_shore_b, serial_bayou_pond_e
D:12:     uniq_frances
Temple:   regret_index_temple_sigil_plot
Orc:1:    hangedman_minor_magic, uniq_gastronok
Orc:2:    st_orc_pillars, serial_shops, shop, uniq_rupert, uniq_maurice,
          uniq_sonja
Ossuary:  ossuary_tomb_2

Skill      XL: |  1  2  3  4  5  6  7  8  9 10 11 12 |
---------------+-------------------------------------+-----
Dodging        | 1 2 3 4 5 6 7 8 |  8.2
Long Blades    | 2 3 4 5 6 7 8 |  8.5
Armour         | 3 4 5 6 7 8 |  8.8
Shields        | 3 4 5 6 7 8 |  8.6
Fighting       | 4 5 6 7 8 9 10 | 10.6

Action                   |  1- 3 |  4- 6 |  7- 9 | 10-12 || total
-------------------------+-------+-------+-------+-------++-------
Melee: Long sword        |   123 |   251 |    69 |       ||   443
       Dagger            |       |       |   393 |   853 ||  1246
       Scimitar          |       |       |   328 |   600 ||   928
Throw: Javelin           |       |       |     2 |       ||     2
Invok: Potion Petition   |       |       |       |     2 ||     2
       Call Merchant     |       |       |       |     2 ||     2
Evoke: Wand              |       |       |     2 |     1 ||     3
  Use: Scroll            |       |       |    11 |     7 ||    18
 Stab: Distracted        |       |       |     1 |     4 ||     5
Armor: Scale mail        |    66 |   122 |   182 |       ||   370
       Ring mail         |       |       |    50 |   377 ||   427
Dodge: Dodged            |    41 |    88 |   220 |   927 ||  1276
Block: Shield            |    53 |   127 |   317 |   901 ||  1398
       Rpst.: Long sword |    13 |    32 |     7 |       ||    52
       Scimitar          |       |       |    27 |   131 ||   158
